 Dungeon Crawl Stone Soup version 0.28.0-53-g5a82cb258f (webtiles) character file.

Game seed: 13982894400683782431

4 little579 the Caller (level 1, -2/10 HPs)
             Began as a Tengu Summoner on July 9, 2022.
             Slain by a gnoll
             ... wielding a +0 spear
              (4 damage)
             ... on level 1 of the Dungeon.
             The game lasted 00:04:42 (130 turns).

little579 the Caller (Tengu Summoner)                Turns: 130, Time: 00:04:43

Health: -2/10      AC:  2    Str:  8    XL:     1   Next: 60%
Magic:  3/4        EV: 12    Int: 15    God:
Gold:   0          SH:  0    Dex: 14    Spells: 3/4 levels left

rFire   . . .      SeeInvis .   d - +0 spear
rCold   . . .      Faith    .   (no shield)
rNeg    . . .      Spirit   .   a - +0 robe
rPois   .          Reflect  .   (helmet restricted)
rElec   .          Harm     .   (no cloak)
rCorr   .          Rampage  .   (no gloves)
Will    .....                   (boots unavailable)
Stlth   ++........              (no amulet)
HPRegen 0.03/turn               (no ring)
MPRegen 0.09/turn               (no ring)

@: no status effects
A: beak, talons 3
a: no special abilities


You were on level 1 of the Dungeon.
You visited 1 branch of the dungeon, and saw 1 of its levels.

Inventory:

Hand Weapons
 b - a +0 dagger
 c - a +0 club
 d - a +0 spear (weapon)
Armour
 a - a +0 robe (worn)


   Skills:
 + Level 2.1 Dodging
 + Level 2.0 Stealth
 + Level 2.0 Spellcasting
 + Level 5.1 Summonings


You had 3 spell levels left.
You knew the following spells:

 Your Spells              Type           Power      Damage    Failure   Level
a - Summon Small Mammal   Summ           64%        N/A       2%          1

Your spell library contained the following spells:

 Spells                   Type           Power      Damage    Failure   Level
 Call Imp                 Summ           16%        N/A       4%          2
 Call Canine Familiar     Summ           16%        N/A       9%          3
 Summon Guardian Golem    Hex/Summ       9%         N/A       24%         3
 Summon Lightning Spire   Summ/Air       9%         N/A       61%         4


Dungeon Overview and Level Annotations

Branches:
Dungeon (1/15)

Altars:

Shops:
D:1 !


Innate Abilities, Weirdness & Mutations

You have a beak for a mouth.
You have claws for feet.


Message History

The ball python grabs you. The ball python constricts you.
The ball python bites you but does no damage.
The ball python constricts you.
The ball python's grasp on you weakens, but your attempt to escape fails.
Your bat misses the ball python. The ball python barely misses you.
The ball python constricts you.
You hit the ball python.
You kill the ball python!
You hit the goblin.
The goblin is severely wounded.
Your bat hits the goblin.
The goblin dies!
Found Hudyicuv's Distillery.
Things that are here:
a +0 dagger; a goblin corpse; a ball python corpse
b - a +0 dagger You swap places.
Your bat disappears in a puff of smoke!
You see here a +0 spear.
You see here a +0 club.
c - a +0 club You see here a +0 spear.
d - a +0 spear Unknown command.
There is an entrance to Hudyicuv's Distillery here.
d - a +0 spear (weapon)
A gnoll comes into view. It is wielding a +0 spear.
Casting: Summon Small Mammal (safe; 2% risk of failure)
Confirm with . or Enter, or press ? or * to list all spells.
Okay, then.
Casting: Summon Small Mammal (safe; 2% risk of failure)
Confirm with . or Enter, or press ? or * to list all spells.
The gnoll shouts!
A giant cockroach comes into view.
The gnoll hits you with a +0 spear!
Ouch! That really hurt!
* * * LOW HITPOINT WARNING * * *
Your quokka bites the gnoll.
The gnoll hits you from afar with a +0 spear.
You die...

#######.#.#.## #.#
#......∩.....# #.#
#.#####.###†.#####.## #.
#................. #.
#.######........#. #. #.#
#.########. .#.###. #.#
#.#.....##.
......B##.######.#.....##.
.......g.@................
..##....r........#.....#..
.....#..##.#######....†...
.... ##.. .# #######.. ...
..# ## ##. .. ..## ## .
#.# # #. # #


You could see a gnoll (ally target), a giant cockroach and a friendly quokka
(summoned).

Vanquished Creatures
  A hobgoblin (D:1)
  A ball python (D:1)
2 creatures vanquished.

Vanquished Creatures (collateral kills)
  An endoplasm (D:1)
  A goblin (D:1)
2 creatures vanquished.

Grand Total: 4 creatures vanquished

Notes
Turn   | Place    | Note
-------+----------+-------------------------------------------
     0 | D:1      | little579 the Tengu Summoner began the quest for the Orb.
     0 | D:1      | Reached XP level 1. HP: 10/10 MP: 4/4
    63 | D:1      | Reached skill level 5 in Summonings
    68 | D:1      | Found Hudyicuv's Distillery.
   130 | D:1      | Slain by a gnoll

Illustrated notes

Levels and vault maps discovered:
D:1:      dpeg_arrival_connections, layout_loops_ring, serial_shops,
          nicolae_shop_crystal, shop, hellmonk_ecumenical_altar_watching_god,
          kennysheep_nondescript, kennysheep_decorative_pillar,
          minmay_split_cup_small

Skill      XL: |  1 |
---------------+----+-----
Summonings     | 5 |  5.1
Dodging        | |  2.1
Stealth        | |  2.0
Spellcasting   | |  2.0

Action                   || total
-------------------------++-------
Melee: Unarmed           ||     5
       Kick              ||     1
       Peck              ||     1
 Cast: Summon Small Mamm ||     2
Armor: Robe              ||     3
Dodge: Dodged            ||     1
